Unix NetHack Version 5.0.0-0 post-release - last build Jul 19 2026 19:10:59 (3aa4ab31751d3886436d94b585a96704892fd477,branch:main).

Game began 2026-07-25 18:43:13, ended 2026-07-25 18:49:45.

Jinnora, neutral female human Tourist

                --------       -----
                |..%...|       |...|
                |*.....|       |..<|
                |......|       |...|
                |......-#######....|
              #o|......|       |...|
               @----.---       -----
               d######
                  #

Jinnora the Rambler         St:12 Dx:7 Co:14 In:16 Wi:9 Ch:16  Neutral
Dlvl:4  $:587 HP:0(10) Pw:2(2) AC:5  Xp:1/11 T:1003  Burdened

Latest messages:
 The little dog misses the newt.
 The little dog misses the newt.
 What do you want to wield? [- aF or ?*] F
 F - a long sword named Fire Brand (weapon in right hand).
 The little dog misses the newt.
 The newt bites!
 The fiery blade burns the newt!
 You kill the newt!
 What do you want to eat? [b-fo or ?*] o
 This lichen corpse tastes okay.
 You finish eating the lichen corpse.
 You swap places with your little dog.
 You swap places with your little dog.
 You swap places with your little dog.
 You swap places with your little dog.
 You swap places with your little dog.
 In what direction? 6
 As you kick the door, it crashes open!
 In what direction? 6
 You kick at empty space.
 You swap places with your little dog.
 Where do you want to travel to?
 (For instructions type a '?')
 Move cursor to the desired destination:
 You swap places with your little dog.
 You fall down the stairs.
 You see here a purple-red potion.
 You have a little trouble lifting A - a purple-red potion (2 in total).
 You see here 11 gold pieces.
 You have a little trouble lifting $ - 11 gold pieces (587 in total).
 The little dog whines.
 The little dog is hit by a rock!
 The little dog whines.
 The little dog whines.
 The little dog whines.
 You swap places with your little dog.
 You hear a door open.
 The little dog bites the yellow mold.
 The little dog bites the yellow mold.
 The yellow mold is killed!
 You see here a yellow mold corpse.
 You swap places with your little dog.
 The goblin thrusts his crude dagger.
 The goblin hits!
 You miss the goblin.
 The goblin thrusts his crude dagger.
 The goblin hits!
 You die...
 Do you want your possessions identified? [ynq] (y) y
 Do you want to see your attributes? [ynq] (y) q

Inventory:
 Coins    ('$')
  $ - 587 gold pieces
 Weapons  (')')
  a - 31 uncursed +2 darts (at the ready)
  F - the uncursed +0 Fire Brand (weapon in right hand)
 Armor    ('[')
  D - an uncursed burnt +0 pair of leather gloves (being worn)
  i - an uncursed +0 Hawaiian shirt with a hibiscus flower motif (being worn)
  x - an uncursed +0 elven mithril-coat (being worn)
 Comestibles  ('%')
  e - 3 uncursed slime molds
  b - 7 uncursed food rations
  c - 2 uncursed tripe rations
  f - an uncursed homemade tin of newt meat
  d - an uncursed egg
 Scrolls  ('?')
  s - an uncursed scroll of blank paper
  r - a cursed scroll of create monster
  q - an uncursed scroll of food detection
  h - 4 uncursed scrolls of magic mapping
  m - an uncursed scroll of teleportation
 Potions  ('!')
  g - 3 uncursed potions of extra healing
  C - an uncursed potion of hallucination
  y - an uncursed potion of healing
  z - 3 cursed potions of healing
  A - 2 uncursed potions of speed
 Rings    ('=')
  v - a cursed ring of polymorph
  B - an uncursed ring of warning
 Wands    ('/')
  n - an uncursed wand of digging (0:6)
  p - an uncursed wand of make invisible (0:7)
  t - an uncursed wand of slow monster (0:7)
 Tools    ('(')
  k - an uncursed credit card
  j - an uncursed expensive camera (0:42)
  l - an uncursed leash (attached to your little dog)
 Gems/Stones  ('*')
  w - an uncursed chrysoberyl stone
  E - 2 uncursed worthless pieces of white glass

Jinnora the Tourist's attributes:

Background:
 You were a Rambler, a level 1 female human Tourist.
 You were neutral, nominally on a mission for The Lady
 who was opposed by Blind Io (lawful) and Offler (chaotic).
 You were right-handed.
 You were in the Dungeons of Doom, on level 4.
 You entered the dungeon 1003 turns ago.
 You had 11 experience points, 9 more were needed to attain level 2.

Basics:
 You had 0 out of 10 hit points.
 You had both energy points (spell power).
 Your armor class was 5.
 Your wallet contained 587 zorkmids.
 Autopickup was off.

Final Characteristics:
 Your strength was 12 (limit:18/100).
 Your dexterity was 7 (limit:18).
 Your constitution was 14 (limit:18).
 Your intelligence was 16 (limit:18).
 Your wisdom was 9 (limit:18).
 Your charisma was 16 (limit:18).

Final Status:
 You weren't hungry.
 You were burdened; movement was slightly slowed.
 You were wielding a long sword.
 You were unskilled in long sword.

Final Attributes:
 You were nominally aligned.
 You were fire resistant.
 Your items were protected from fire.
 You were guarded.
 You are dead.

Miscellaneous:
 You didn't encounter any bones levels.
 Total elapsed playing time was 6 minutes and 32 seconds.

Major events:
 Turn
    1: Jinnora the neutral female human Tourist entered the dungeon
  730: found Fire Brand on the floor
 1003: killed by a goblin

You didn't know any spells.

Skills:
 Fighting Skills
   bare handed combat [Unskilled]
   two weapon combat  [Unskilled]
   riding             [Unskilled]
 Weapon Skills
   dagger             [Unskilled]
   knife              [Unskilled]
   axe                [Unskilled]
   pick-axe           [Unskilled]
   short sword        [Unskilled]
   broadsword         [Unskilled]
   long sword         [Unskilled]
   two-handed sword   [Unskilled]
   saber              [Unskilled]
   mace               [Unskilled]
   morning star       [Unskilled]
   flail              [Unskilled]
   hammer             [Unskilled]
   quarterstaff       [Unskilled]
   polearms           [Unskilled]
   spear              [Unskilled]
   trident            [Unskilled]
   lance              [Unskilled]
   bow                [Unskilled]
   sling              [Unskilled]
   crossbow           [Unskilled]
   dart               [Basic]
   shuriken           [Unskilled]
   boomerang          [Unskilled]
   whip               [Unskilled]
   unicorn horn       [Unskilled]
 Spellcasting Skills
   divination spells  [Unskilled]
   enchantment spells [Unskilled]
   escape spells      [Unskilled]

Voluntary challenges:
 Character rerolling was not enabled.
 You were an atheist.
 You never genocided any monsters.
 You never polymorphed an object.
 You never changed form.
 You used no wishes.
Achievement:
 You entered a shop.

 The Dungeons of Doom: levels 1 to 4
    Level 1:
    Level 2:
       A general store.
    Level 3:
    Level 4: <- You were here.
       Final resting place for
          you, killed by a goblin.


Vanquished creatures:
  a yellow mold
  a jackal
  a kobold
  4 grid bugs
  a lichen
  2 newts
10 creatures vanquished.

No species were genocided or became extinct.

Game over:
                       ----------
                      /          \
                     /    REST    \
                    /      IN      \
                   /     PEACE      \
                  /                  \
                  |     Jinnora      |
                  |      587 Au      |
                  |   killed by a    |
                  |      goblin      |
                  |                  |
                  |                  |
                  |       2026       |
                 *|     *  *  *      | *
        _________)/\\_//(\/(/\)/\//\/|_)_______

Aloha Jinnora the Tourist...

You died in The Dungeons of Doom on dungeon level 4 with 236 points,
and 587 pieces of gold, after 1003 moves.
You were level 1 with a maximum of 10 hit points when you died.

